 Dungeon Crawl Stone Soup version 0.19-a0-990-gf36c7f1 (webtiles) character file.

8 Implojin the Ruffian (level 2, 0/29 HPs)
             Began as a Troll Fighter on July 14, 2016.
             Slain by a centaur (2 damage)
             ... on level 5 of the Dungeon.
             The game lasted 00:01:12 (191 turns).

Implojin the Ruffian (Troll Fighter)                 Turns: 191, Time: 00:01:12

Health: 0/29       AC:  5    Str: 28    XL:     2   Next: 0%
Magic:  1/1        EV:  8    Int:  4    God:
Gold:   0          SH:  9    Dex:  9    Spells: 0 memorised, 1 level left

rFire  . . .     SeeInvis .       - Unarmed
rCold  . . .     Gourm    +     a - +0 robe
rNeg   . . .     Faith    .     b - +0 shield
rPois  .         Spirit   .     (helmet restricted)
rElec  .         Dismiss  .     (no cloak)
rCorr  .         Reflect  .     (gloves unavailable)
SustAt .         Harm     .     (boots unavailable)
MR     .....                    (no amulet)
Stlth  +.........               (no ring)
                                (no ring)

@: mighty, not resistant to hostile enchantments, very unstealthy
A: unfitting armour, claws 3, fast metabolism 3, gourmand, regeneration 2,
shaggy fur 1, tough skin 2
a: no special abilities


You were on level 5 of the Dungeon.
You were not hungry.

You visited 1 branch of the dungeon, and saw 4 of its levels.

Inventory:

Armour
 a - a +0 robe (worn)
 b - a +0 shield (worn)
Scrolls
 e - a scroll of recharging {unknown}
Comestibles
 d - 2 bread rations


   Skills:
 - Level 2.4 Fighting
 - Level 2.4 Dodging
 - Level 2.4 Shields
 * Level 2.7 Unarmed Combat


You had one spell level left.
You didn't know any spells.

Dungeon Overview and Level Annotations

Branches:
Dungeon (3/15)

Altars:


Innate Abilities, Weirdness & Mutations

You are too large for most types of armour.
You have claws for hands.
Your metabolism is lightning-fast.
You like to eat raw meat.
You heal very quickly.
You are covered in fur. (AC +1)
You have very tough skin. (AC +2)


Message History

You kill the jackal!
You have reached level 2!
You block the jackal's attack.
The jackal bites you but does no damage.
The jackal barks!
The jackal closely misses you.
A jackal comes into view.
A centaur comes into view.
The centaur shouts!
The centaur wields a shortbow.
The centaur shoots an arrow.
You block the arrow.
The jackal bites you but does no damage.
The centaur shoots an arrow.
The arrow barely misses you.
Found 23 stones.
You see here 2 arrows.
The centaur shoots an arrow.
The arrow hits you. The jackal bites you.
You see here an arrow.
The centaur shoots an arrow.
The arrow hits you.
* * * LOW HITPOINT WARNING * * *
You see here an arrow.
The centaur shoots an arrow.
You block the arrow. The jackal bites you.
* * * LOW HITPOINT WARNING * * *
The centaur shoots an arrow.
The arrow hits you!
* * * LOW HITPOINT WARNING * * *
You see here an arrow.
The centaur unwields an uncursed shortbow.
The centaur barely misses you.
Unknown command.
You feel very mighty all of a sudden. You block the centaur's attack.
The jackal barely misses you. You block the jackal's attack.
Unknown command.
Unknown command.
Unknown command.
You scratch the centaur but do no damage.
The centaur hits you.
* * * LOW HITPOINT WARNING * * *
You block the jackal's attack. The jackal closely misses you.
The centaur hits you.
You die...

#... .. ##.###...# .# #
#...##...####.##### #.
..(..#...... ......
###.##..........##......
#..............)....###.
........................
#...(chh..#..###...##.
#@#...#..# .h....
#h#...#†.##....##.
#c#h.....>.>..h#
#h#.#.#......#..
#.(........#...#.
###............
###..........
####.####.# ... .#


You could see 2 centaurs and 4 jackals.

Vanquished Creatures
  A bat (D:3)
  A goblin (D:1)
  3 jackals (D:5)
  2 rats
7 creatures vanquished.

Notes
Turn   | Place    | Note
-------+----------+-------------------------------------------
     0 | D:1      | Implojin the Troll Fighter began the quest for the Orb.
     0 | D:1      | Reached XP level 1. HP: 22/22 MP: 0/0
   167 | D:3      | You fall through a shaft for 2 floors!
   167 | D:5      | Entered Level 5 of the Dungeon
   181 | D:5      | Noticed a centaur
   181 | D:5      | Reached XP level 2. HP: 25/29 MP: 1/1
   185 | D:5      | Noticed a centaur
   191 | D:5      | Slain by a centaur

Vault maps used:
D:1:      shiori_arrival_oz, minivault_19
D:2:      kennysheep_pointless_box
D:3:      uniq_iyjb, uniq_robin
D:5:      overflow_temple_1_default, first_bread

Action                   || total
-------------------------++-------
Melee: Unarmed           ||    22
  Use: Potion            ||     1
  Eat: Chunk             ||     1
Armor: Robe              ||    18
Dodge: Dodged            ||    17
Block: Shield            ||    24

Table legend:
 A = Turns spent in this place as a percentage of turns spent in the entire game.
 B = Non-inter-level travel turns spent in this place as a percentage of non-inter-level travel turns spent in the entire game.
 C = Inter-level travel turns spent in this place as a percentage of turns spent in this place.
 D = Turns resting spent in this place as a percentage of non-inter-level travel turns spent in this place.
 E = Turns spent auto-exploring this place as a percentage of non-inter-level travel turns spent in this place.
 F = Non-inter-level travel turns spent in this place divided by the number of levels of this place that you've seen.
                   A       B       C       D       E      F
               +-------+-------+-------+-------+-------+----------------------
         Total | 100.0 | 100.0 |   0.0 |   0.0 |   0.0 |  50.5
       Dungeon | 100.0 | 100.0 |   0.0 |   0.0 |   0.0 |  50.5
               +-------+-------+-------+-------+-------+----------------------

Table legend:
 A = Kills in this place as a percentage of kills in entire the game.
 B = Kills by you in this place as a percentage of kills by you in the entire game.
 C = Kills by friends in this place as a percentage of kills by friends in the entire game.
 D = Other kills in this place as a percentage of other kills in the entire game.
 E = Experience gained in this place as a percentage of experience gained in the entire game.
 F = Experience gained in this place divided by the number of levels of this place that you have seen.
                   A       B       C       D       E      F
               +-------+-------+-------+-------+-------+----------------------
         Total | 100.0 | 100.0 |  -nan |  -nan | 100.0 |   3.0
       Dungeon | 100.0 | 100.0 |  -nan |  -nan | 100.0 |   3.0
               +-------+-------+-------+-------+-------+----------------------
